 Dungeon Crawl Stone Soup version 0.29-a0-289-g2178c42546 (console) character file.

Game seed: 14682890547018257680

88407 Ignak the Thaumaturge (level 15, -9/117 HPs)
             Began as a Gnoll Venom Mage on Mar 17, 2022.
             Was a High Priest of Sif Muna.
             Shot with an arrow by Nessos (19 damage)
             ... on level 14 of the Dungeon.
             The game lasted 01:59:03 (26796 turns).

Ignak the Thaumaturge (Gnoll Venom Mage)           Turns: 26796, Time: 01:59:04

Health: -9/117     AC: 17    Str:  8    XL:     15   Next: 93%
Magic:  1/30       EV: 16    Int: 24    God:    Sif Muna [*****.]
Gold:   2501       SH: 14    Dex: 17    Spells: 10/37 levels left

rFire   + . .      SeeInvis .   a - +8 war axe {venom, Int+4 Dex+3}
rCold   x . .      Faith    +   e - +2 kite shield
rNeg    . . .      Spirit   .   I - +0 troll leather armour
rPois   .          Reflect  .   n - +1 hat
rElec   .          Harm     .   g - +0 cloak of Purpose {Regen+}
rCorr   .          Rampage  .   o - +0 pair of gloves
Will    +....      Clarity  +   y - +2 pair of boots
Stlth   +++++.....              x - amulet of faith
HPRegen 1.89/turn               i - ring of fire
MPRegen 0.22/turn               p - +4 ring of protection

@: no status effects
A: fangs 1, strong nose, distributed training, horns 1, clarity
a: Renounce Religion, Channel Magic, Forget Spell, Divine Exegesis


You were on level 14 of the Dungeon.
You worshipped Sif Muna.
Sif Muna was extremely pleased with you.
You visited 4 branches of the dungeon, and saw 23 of its levels.
You visited the Abyss 1 time.
You also visited: Bailey.

You collected 2836 gold pieces.
You spent 335 gold pieces at shops.

Inventory:

Hand Weapons
 a - the +8 war axe of Saluhyusao (weapon) {venom, Int+4 Dex+3}
   (You found it on level 6 of the Dungeon)

   It poisons the flesh of those it strikes.
   Int:       It affects your intelligence (+4).
   Dex:       It affects your dexterity (+3).
 b - the +8 short sword of Nuoplial {vorpal, rC++ rN++}
   (You bought it in a shop on level 2 of the Orcish Mines)

   It inflicts extra damage upon your enemies.
   rC:        It greatly protects you from cold.
   rN:        It greatly protects you from negative energy.
 V - the +10 spear "Killer Klown's Foe" {holy, *Corrode Fly rPois rF+}
   (You found it on level 5 of the Lair of Beasts)

   It has been blessed by the Shining One to cause great damage to the undead
   and demons.
   rF:        It protects you from fire.
   rPois:     It protects you from poison.
   Fly:       It grants you flight.
   *Corrode:  It may corrode you when you take damage.
Missiles
 c - 43 poisoned darts (quivered)
 s - 4 throwing nets
Armour
 e - a +2 kite shield (worn)
 g - the +0 cloak of Purpose (worn) {Regen+}
   (You found it on level 5 of the Dungeon)

   Regen:     It increases your rate of health regeneration.
 n - a +1 hat (worn)
 o - a +0 pair of gloves (worn)
 u - a +0 helmet
 y - a +2 pair of boots (worn)
 A - +4 pearl dragon scales
 I - a +0 troll leather armour (worn)
 X - +0 acid dragon scales
Magical Staves
 l - a staff of poison
Jewellery
 i - a ring of fire (left hand)
 p - a +4 ring of protection (right hand)
 q - a ring of protection from fire
 r - a ring of poison resistance
 x - an amulet of faith (around neck)
 H - a ring of see invisible
 N - a +4 ring of slaying
 W - a ring of protection from fire
Wands
 d - a wand of charming (6)
 B - a wand of paralysis (5)
 C - a wand of polymorph (11)
 F - a wand of acid (3)
 J - a wand of digging (12)
 M - a wand of iceblast (4)
 U - a wand of flame (13)
Scrolls
 f - 3 scrolls of teleportation
 h - 3 scrolls of amnesia
 k - a scroll of brand weapon
 v - 4 scrolls of fog
 Q - a scroll of identify
 R - a scroll of enchant weapon
 Y - a scroll of magic mapping
Potions
 j - 9 potions of curing
 m - 2 potions of haste
 t - a potion of lignification
 w - 3 potions of heal wounds
 z - 2 potions of mutation
 D - 6 potions of resistance
 G - 6 potions of magic
 K - 2 potions of brilliance
 L - 8 potions of ambrosia
 P - 2 potions of invisibility
 S - a potion of cancellation
 Z - a potion of flight


   Skills:
 + Level 10.5 Fighting
 + Level 10.5 Short Blades
 + Level 10.5 Long Blades
 + Level 10.5 Axes
 + Level 10.5 Maces & Flails
 + Level 10.5 Polearms
 + Level 10.5 Staves
 + Level 10.5 Slings
 + Level 10.5 Bows
 + Level 10.5 Crossbows
 + Level 10.5 Throwing
 + Level 10.5 Armour
 + Level 11.4 Dodging
 + Level 11.3 Stealth
 + Level 10.5 Shields
 + Level 10.5 Unarmed Combat
 + Level 11.6 Spellcasting
 + Level 8.8 Conjurations
 + Level 8.8 Hexes
 + Level 8.8 Summonings
 + Level 8.8 Necromancy
 + Level 8.8 Translocations
 + Level 9.1 Transmutations
 + Level 8.8 Fire Magic
 + Level 8.8 Ice Magic
 + Level 8.8 Air Magic
 + Level 8.8 Earth Magic
 + Level 10.4 Poison Magic
 + Level 11.4 Invocations
 + Level 10.5 Evocations


You had 10 spell levels left.
You knew the following spells:

 Your Spells              Type           Power      Damage    Failure   Level
a - Sting                 Tmut/Pois      100%       1d8       1%          1
b - Summon Lightning Spi  Summ/Air       54%        N/A       3%          4
c - Flame Wave            Conj/Fire      71%        2d13      3%          4
d - Mephitic Cloud        Conj/Pois/Air  56%        N/A       1%          3
e - Dispel Undead         Necr           54%        3d20      3%          4
f - Ignite Poison         Fire/Tmut/Pois 73%        N/A       1%          3
r - Sticky Flame          Conj/Fire      71%        2d8       3%          4
z - Olgreb's Toxic Radia  Pois           59%        N/A       1%          4

Your spell library contained the following spells:

 Spells                   Type           Power      Damage    Failure   Level
 Animate Skeleton         Necr           100%       N/A       1%          1
 Apportation              Tloc           100%       N/A       1%          1
 Magic Dart               Conj           100%       1d8       1%          1
 Summon Small Mammal      Summ           100%       N/A       1%          1
 Call Imp                 Summ           54%        N/A       1%          2
 Ensorcelled Hibernation  Hex/Ice        100%       N/A       1%          2
 Poisonous Vapours        Pois/Air       100%       N/A       1%          2
 Scorch                   Fire           100%       2d10      1%          2
 Static Discharge         Conj/Air       54%        N/A       1%          2
 Call Canine Familiar     Summ           54%        N/A       1%          3
 Confusing Touch          Hex            54%        N/A       1%          3
 Conjure Flame            Conj/Fire      71%        6-21      1%          3
 Spider Form              Tmut/Pois      57%        N/A       1%          3
 Summon Guardian Golem    Hex/Summ       54%        N/A       1%          3
 Airstrike                Air            27%        N/A       3%          4
 Anguish                  Hex/Necr       27%        N/A       3%          4
 Animate Dead             Necr           27%        N/A       3%          4
 Fulminant Prism          Conj/Hex       27%        3d14      3%          4
 Hailstorm                Conj/Ice       54%        3d12      3%          4
 Ice Form                 Ice/Tmut       54%        N/A       3%          4
 Leda's Liquefaction      Hex/Erth       27%        N/A       3%          4
 Petrify                  Tmut/Erth      54%        N/A       3%          4
 Summon Ice Beast         Ice/Summ       54%        N/A       3%          4
 Borgnjor's Vile Clutch   Necr/Erth      27%        N/A       10%         5
 Lightning Bolt           Conj/Air       27%        1d43      10%         5
 Metabolic Englaciation   Hex/Ice        27%        N/A       10%         5
 Summon Mana Viper        Hex/Summ       54%        N/A       10%         5
 Statue Form              Tmut/Erth      36%        N/A       45%         6
 Death Channel            Necr           27%        N/A       47%         6
 Simulacrum               Ice/Necr       27%        N/A       47%         6
 Summon Cactus Giant      Summ           27%        N/A       47%         6
 Haunt                    Necr/Summ      27%        N/A       96%         7
 Monstrous Menagerie      Summ           27%        N/A       96%         7
 Infestation              Necr           27%        N/A       100%        8


Dungeon Overview and Level Annotations

Branches:
Dungeon (14/15) Temple (1/1) D:4 Lair (6/6) D:10 Swamp (0/4) Lair:4 Spider (0/4) Lair:4 Slime (0/5) Lair:6 Orc (2/2) D:11 Elf (0/3) Orc:2 Vaults (0/5) D:13 D:14 Bailey (visited)

Altars:
Ashenzari
Cheibriados
Dithmenos
Elyvilon
Fedhas
Gozag
Hepliaklqana
Kikubaaqudgha
Makhleb
Nemelex Xobeh
Okawaru
Qazlal
Ru
Sif Muna
Trog
Uskayaw
Vehumet
Wu Jian
Xom
Yredelemnul
Zin
The Shining One
Beogh
Jiyva

Shops:
D:3 *   Orc:2 [![(

Annotations:
D:14 Nessos


Innate Abilities, Weirdness & Mutations

You have very sharp teeth.
Your uncanny sense of smell can sniff out nearby items.
Your experience applies equally to all skills.
You have a pair of small horns on your head.
You possess an exceptional clarity of mind.


Message History

The vampire mosquito is heavily damaged.
You barely miss the vampire mosquito.
You block the vampire mosquito's attack. x2
The vampire mosquito misses you. The vampire mosquito barely misses you.
Casting: Ignite Poison (safe; 1% risk of failure)
Confirm with . or Enter, or press ? or * to list all spells.
Aiming: Sticky Flame (mildly dangerous; 3% risk of failure)
Press: ? - help, Shift-Dir - straight line, f - vampire mosquito
Aim: a vampire mosquito (100% to hit)
You feel a surge of power!
The sticky flame hits the vampire mosquito.
The vampire mosquito is lightly damaged.
The vampire mosquito is covered in liquid flames!
The vampire mosquito buzzes angrily.
You hear a shout!
The vampire mosquito burns!
You block the vampire mosquito's attack.
The vampire mosquito misses you.
The vampire mosquito bites you but does no damage.
You block the vampire mosquito's attack.
You closely miss the vampire mosquito. You headbutt the vampire mosquito.
Your bite misses the vampire mosquito.
The vampire mosquito is severely damaged.
You slash the vampire mosquito!
The vampire mosquito burns! x2
You destroy the vampire mosquito!
Sif Muna accepts your kill.
You see here Sif Muna's Almanac of Destructive Execration {god gift}.
Sif Muna grants you a gift!
You block the vampire mosquito's attack.
Nessos shoots an arrow.
The arrow closely misses you.
The vampire mosquito closely misses you.
Nessos shoots an arrow.
The arrow hits you!!
* * * LOW HITPOINT WARNING * * *
The arrow burns you.
You are lethally poisoned!
* * * LOW HITPOINT WARNING * * *
You feel better.
You block the vampire mosquito's attack. x2
Nessos shouts, "I'm half human!
Half horse!
And all stone-cold KILLER!"
Nessos shoots an arrow.
The arrow hits you!!
You die...

..........♣..D..♣.......#
.............>....(.....#
.....^...#.......#.....§#
.......##.....##.)((.###
........#######.p§†..#..
..................)(§(..
................p§§§§#..
.^......≈≈≈......§§§c###
.......@≈≈≈...[§.§§§§§..
.≈≈≈...yy≈≈.p..§§§§§§...
.≈≈≈........c...§†......
.≈≈≈.............†.c....
...........!......p.....
............≈≈≈......)..
............≈≈≈.....)...
............≈≈≈......†).
.......................


You could see Nessos (fast), a human and 2 vampire mosquitoes.

Vanquished Creatures
  Frances (D:13)
  Gastronok (Lair:3)
  An orc warlord (Orc:1)
  Azrael (D:13)
  A dire elephant (Lair:6)
  Snorg (Lair:5)
  An ettin (Orc:1)
  4 boulder beetles
  7 hydras
  Erolcha (D:11)
  2 catoblepae
  Harold (D:10)
  3 centaur warriors
  4 ogre magi
  3 death yaks (Lair:6)
  The ghost of Lonelite the Thaumaturge, a journeyman DECj of Kikubaaqudgha (Lair:3)
  16 two-headed ogres
  A tengu warrior (D:13)
  Sonja (Lair:5)
  Urug (Lair:6)
  3 skeletal warriors (D:11)
  5 lindwurms (Lair:6)
  A bog body (Lair:4)
  2 orc knights
  2 ugly things
  3 deep elf pyromancers
  An orc sorcerer (Orc:1)
  An oklob plant (Lair:5)
  3 manticores
  A cyclops (D:11)
  7 elephants (Lair:6)
  4 black mambas
  12 cane toads
  6 torpor snails (Lair:6)
  Psyche (D:10)
  2 rime drakes (Lair:6)
  An ancient zyme (Abyss:1)
  3 kobold demonologists
  9 komodo dragons
  A freezing wraith (D:13)
  4 trolls
  2 polar bears (Lair:6)
  2 meliai
  A queen bee (Lair:1)
  8 hornets
  13 blink frogs
  3 tyrant leeches (Lair:6)
  2 dream sheep (Lair:6)
  2 shadows (D:10)
  5 wraiths
  3 wyverns
  48 yaks
  12 humans
  2 fire elementals (D:13)
  3 steam dragons
  5 vampire mosquitoes
  5 basilisks
  3 acid dragons
  3 wargs
  4 hell hounds (D:13)
  6 water moccasins
  2 black bears
  12 orc warriors
  30 ogres
  2 sky beasts
  12 wolves
  9 centaurs
  6 kobold brigands
  A phantom (D:5)
  11 bullfrogs
  A necrophage (D:5)
  3 gnoll sergeants
  2 scorpions
  10 wights
  A hornet simulacrum (D:14)
  46 killer bees
  6 howler monkeys
  9 orc priests
  4 hounds
  A jelly (D:6)
  6 iguanas
  9 orc wizards
  10 adders
  17 gnolls
  A shadow imp (D:6)
  2 white imps
  3 ufetubi
  A worm (D:2)
  4 dart slugs
  59 orcs
  7 ball pythons
  4 endoplasms
  3 giant cockroaches
  4 goblins
  12 hobgoblins
  2 quokkas
  A bat (D:1)
  2 frilled lizards (D:1)
  23 kobolds
  7 rats
601 creatures vanquished.

Vanquished Creatures (collateral kills)
  A fire dragon (Lair:6)
  A tengu warrior (D:13)
  A gargoyle (D:13)
  2 yaks (Lair:6)
  A shadow (D:13)
  A basilisk (D:12)
  2 wights (D:9)
9 creatures vanquished.

Vanquished Creatures (others)
  A wyvern (D:7)
  An orc warrior (D:7)
  A killer bee (D:7)
  A gnoll (D:8)
  An orc (D:8)
  31 fungi
  28 plants
64 creatures vanquished.

Grand Total: 674 creatures vanquished

Notes
Turn   | Place    | Note
-------+----------+-------------------------------------------
     0 | D:1      | Ignak the Gnoll Venom Mage began the quest for the Orb.
     0 | D:1      | Reached XP level 1. HP: 13/13 MP: 6/6
   535 | D:1      | Reached XP level 2. HP: 19/19 MP: 3/7
  1339 | D:2      | Reached XP level 3. HP: 18/25 MP: 3/9
  1430 | D:2      | Reached skill level 5 in Spellcasting
  1519 | D:2      | Reached skill level 1 in Invocations
  1741 | D:2      | Reached skill level 1 in Fighting
  1741 | D:2      | Reached skill level 1 in Short Blades
  1741 | D:2      | Reached skill level 1 in Long Blades
  1741 | D:2      | Reached skill level 1 in Axes
  1741 | D:2      | Reached skill level 1 in Maces & Flails
  1741 | D:2      | Reached skill level 1 in Polearms
  1741 | D:2      | Reached skill level 1 in Staves
  1741 | D:2      | Reached skill level 1 in Slings
  1741 | D:2      | Reached skill level 1 in Bows
  1741 | D:2      | Reached skill level 1 in Crossbows
  1741 | D:2      | Reached skill level 1 in Throwing
  1741 | D:2      | Reached skill level 1 in Armour
  1741 | D:2      | Reached skill level 1 in Shields
  1741 | D:2      | Reached skill level 1 in Unarmed Combat
  1741 | D:2      | Reached skill level 1 in Evocations
  1745 | D:2      | Learned a level 3 spell: Mephitic Cloud
  1745 | D:2      | Noticed an ogre
  1764 | D:2      | Killed an ogre
  1765 | D:2      | Reached skill level 1 in Conjurations
  1765 | D:2      | Reached skill level 1 in Hexes
  1765 | D:2      | Reached skill level 1 in Summonings
  1765 | D:2      | Reached skill level 1 in Necromancy
  1765 | D:2      | Reached skill level 1 in Translocations
  1765 | D:2      | Reached skill level 1 in Fire Magic
  1765 | D:2      | Reached skill level 1 in Ice Magic
  1765 | D:2      | Reached skill level 1 in Air Magic
  1765 | D:2      | Reached skill level 1 in Earth Magic
  1765 | D:2      | Reached XP level 4. HP: 32/32 MP: 0/11
  1765 | D:2      | Reached XP level 5. HP: 37/37 MP: 0/12
  1770 | D:2      | Learned a level 4 spell: Olgreb's Toxic Radiance
  2329 | D:3      | Found a faded altar of an unknown god.
  2694 | D:3      | Found a basalt altar of Yredelemnul.
  2815 | D:3      | Found a white marble altar of Elyvilon.
  2888 | D:3      | Found Zigexamp's General Store.
  3505 | D:3      | Reached XP level 6. HP: 12/44 MP: 9/13
  3907 | D:4      | Found a staircase to the Ecumenical Temple.
  3918 | Temple   | Entered the Ecumenical Temple
  4228 | D:4      | Reached skill level 5 in Dodging
  4275 | D:4      | Gained mutation: You are agile. (Dex +2) [potion of
                  | mutation]
  4275 | D:4      | Gained mutation: You are resistant to electric shocks.
                  | (rElec) [potion of mutation]
  4276 | D:4      | Lost mutation: You are agile. (Dex +2) [potion of mutation]
  4276 | D:4      | Lost mutation: You are resistant to electric shocks.
                  | (rElec) [potion of mutation]
  4276 | D:4      | Gained mutation: You have a pair of small horns on your
                  | head. [potion of mutation]
  4276 | D:4      | Gained mutation: You possess an exceptional clarity of
                  | mind. [potion of mutation]
  4335 | D:4      | Reached XP level 7. HP: 19/50 MP: 4/15
  4735 | D:4      | Found a shadowy altar of Dithmenos.
  5013 | D:5      | Entered Level 5 of the Dungeon
  5213 | D:5      | Reached skill level 5 in Stealth
  5469 | D:5      | Identified the +0 cloak of Purpose {Regen+}
  5528 | D:5      | Found a stormy altar of Qazlal.
  5781 | D:5      | Reached XP level 8. HP: 56/57 MP: 16/16
  6195 | D:6      | Identified the +8 war axe of Saluhyusao {venom, Int+4
                  | Dex+3}
  6907 | D:6      | Noticed a hornet
  6915 | D:6      | Killed a hornet
  7300 | D:7      | Learned a level 4 spell: Flame Wave
  7319 | D:7      | Reached XP level 9. HP: 65/65 MP: 6/18
  7472 | D:7      | Found a bloodstained altar of Trog.
  7563 | D:7      | Reached skill level 5 in Invocations
  7611 | D:7      | Found an ancient bone altar of Kikubaaqudgha.
  7701 | D:7      | Found a burning altar of Makhleb.
  7778 | D:7      | Found a broken altar of Ashenzari.
  7992 | D:7      | Found a radiant altar of Vehumet.
  7998 | D:7      | Found a shimmering blue altar of Sif Muna.
  8003 | D:7      | Became a worshipper of Sif Muna the Loreminder
  8279 | D:8      | Reached XP level 10. HP: 73/73 MP: 11/20
  8317 | D:8      | Reached skill level 5 in Fighting
  8317 | D:8      | Reached skill level 5 in Short Blades
  8317 | D:8      | Reached skill level 5 in Long Blades
  8317 | D:8      | Reached skill level 5 in Axes
  8317 | D:8      | Reached skill level 5 in Maces & Flails
  8317 | D:8      | Reached skill level 5 in Polearms
  8317 | D:8      | Reached skill level 5 in Staves
  8317 | D:8      | Reached skill level 5 in Slings
  8317 | D:8      | Reached skill level 5 in Bows
  8317 | D:8      | Reached skill level 5 in Crossbows
  8317 | D:8      | Reached skill level 5 in Throwing
  8317 | D:8      | Reached skill level 5 in Armour
  8317 | D:8      | Reached skill level 5 in Shields
  8317 | D:8      | Reached skill level 5 in Unarmed Combat
  8317 | D:8      | Reached skill level 5 in Evocations
  8814 | D:8      | Reached * piety under Sif Muna
  8830 | D:8      | Reached skill level 5 in Transmutations
  8980 | D:8      | Noticed a catoblepas
  9000 | D:8      | Found a blossoming altar of Fedhas.
  9000 | D:8      | Killed a catoblepas
  9274 | D:8      | Noticed a manticore
  9283 | D:8      | Killed a manticore
  9305 | D:8      | Reached XP level 11. HP: 81/81 MP: 6/22
  9839 | D:9      | Paralysed by a hornet for 2 turns
  9852 | D:9      | Reached skill level 5 in Conjurations
  9852 | D:9      | Reached skill level 5 in Hexes
  9852 | D:9      | Reached skill level 5 in Summonings
  9852 | D:9      | Reached skill level 5 in Necromancy
  9852 | D:9      | Reached skill level 5 in Translocations
  9852 | D:9      | Reached skill level 5 in Fire Magic
  9852 | D:9      | Reached skill level 5 in Ice Magic
  9852 | D:9      | Reached skill level 5 in Air Magic
  9852 | D:9      | Reached skill level 5 in Earth Magic
  9961 | D:9      | Reached ** piety under Sif Muna
 10413 | D:9      | Learned a level 4 spell: Sticky Flame
 10418 | D:9      | Learned a level 4 spell: Dispel Undead
 10422 | D:9      | Found an iron altar of Okawaru.
 10513 | D:10     | Entered Level 10 of the Dungeon
 10590 | D:10     | Found a flagged portal.
 10719 | Bailey   | Entered a bailey
 10847 | Bailey   | Noticed an orc knight
 10888 | Bailey   | Killed an orc knight
 11018 | Bailey   | Found a large runed translucent door.
 11018 | Bailey   | Found a large runed translucent door.
 11019 | Bailey   | Noticed a deep elf pyromancer
 11082 | Bailey   | Killed a deep elf pyromancer
 11381 | D:10     | Noticed Psyche
 11384 | D:10     | Noticed Harold
 11390 | D:10     | Killed Psyche
 11396 | D:10     | Killed Harold
 11522 | D:10     | Reached *** piety under Sif Muna
 11829 | D:10     | Found a staircase to the Lair.
 11989 | D:11     | Reached XP level 12. HP: 81/89 MP: 10/24
 11993 | D:11     | Noticed a boulder beetle
 12149 | D:11     | Found a staircase to the Orcish Mines.
 12459 | D:11     | Noticed Erolcha
 12460 | D:11     | HP: 1/91 [skeletal warrior/javelin (18)]
 12656 | D:10     | Killed a boulder beetle
 13340 | D:11     | Noticed a boulder beetle
 13348 | D:11     | Killed a boulder beetle
 13402 | D:11     | Cast into level 1 of the Abyss (Erolcha)
 13502 | Abyss:1  | Noticed a cacodemon
 13558 | Abyss:1  | Noticed a tentacled starspawn
 13682 | Abyss:1  | Noticed a starcursed mass
 13708 | Abyss:1  | Noticed a thrashing horror
 13734 | D:11     | Escaped the Abyss
 13741 | D:11     | Killed Erolcha
 13937 | Orc:1    | Entered Level 1 of the Orcish Mines
 14044 | Orc:1    | Noticed an orc warlord
 14051 | Orc:1    | Noticed a sun demon
 14051 | Orc:1    | Reached **** piety under Sif Muna
 14331 | Orc:1    | Killed an orc warlord
 14518 | Orc:1    | Noticed an ettin
 14541 | Orc:1    | Killed an ettin
 14849 | Orc:2    | Entered Level 2 of the Orcish Mines
 14906 | Orc:2    | Found a staircase to the Elven Halls.
 14909 | Orc:2    | Noticed a two-headed ogre
 14912 | Orc:2    | Noticed a two-headed ogre
 14915 | Orc:2    | Noticed a two-headed ogre
 14919 | Orc:2    | Killed a two-headed ogre
 14925 | Orc:2    | Reached XP level 13. HP: 98/98 MP: 12/26
 15316 | Orc:2    | Reached ***** piety under Sif Muna
 15316 | Orc:2    | Received a gift from Sif Muna
 15785 | Orc:2    | Found Matudgh's Antique Weapon Shoppe.
 15785 | Orc:2    | Found Osuptenec's Distillery.
 15785 | Orc:2    | Found Irchatymy's Armour Shop.
 15785 | Orc:2    | Found Itahacal's Armour Emporium.
 16208 | Orc:2    | Bought a +0 pair of gloves for 49 gold pieces
 16214 | Orc:2    | Bought a potion of heal wounds for 70 gold pieces
 16215 | Orc:2    | Bought a bloodstained short sword for 216 gold pieces
 16215 | Orc:2    | Identified the +8 short sword of Nuoplial {vorpal, rC++
                  | rN++} (You bought it in a shop on level 2 of the Orcish
                  | Mines)
 16720 | Lair:1   | Entered Level 1 of the Lair of Beasts
 16742 | Lair:1   | Reached skill level 10 in Spellcasting
 17603 | Lair:2   | Received a gift from Sif Muna
 17604 | Lair:2   | Got Sif Muna's Reference Book on Damage Dealing and
                  | Malediction {god gift}
 18213 | Lair:2   | Learned a level 3 spell: Ignite Poison
 18578 | Lair:3   | Noticed Gastronok
 18589 | Lair:3   | Killed Gastronok
 18590 | Lair:3   | Reached skill level 10 in Dodging
 18590 | Lair:3   | Reached XP level 14. HP: 106/106 MP: 1/28
 18772 | Lair:3   | Noticed Lonelite's ghost (journeyman DECj)
 18775 | Lair:3   | Found a runed translucent door.
 18792 | Lair:3   | Killed Lonelite's ghost
 19203 | Lair:3   | Identified the +2 robe of the Beekeeper {Harm Fly rCorr
                  | Int-5}
 19902 | Lair:4   | Reached skill level 10 in Stealth
 20368 | Lair:4   | Found a hole to the Spider Nest.
 20375 | Lair:4   | Reached skill level 10 in Invocations
 20670 | Lair:4   | Found a staircase to the Swamp.
 21204 | Lair:5   | Noticed Sonja
 21207 | Lair:5   | Killed Sonja
 21270 | Lair:5   | Noticed Snorg
 21274 | Lair:5   | Killed Snorg
 21340 | Lair:5   | Identified the +10 spear "Killer Klown's Foe" {holy,
                  | *Corrode Fly rPois rF+}
 21499 | Lair:5   | Found a snail-covered altar of Cheibriados.
 21848 | Lair:6   | Entered Level 6 of the Lair of Beasts
 22286 | Lair:6   | Noticed a dire elephant
 22295 | Lair:6   | Killed a dire elephant
 22693 | Lair:6   | Noticed Urug
 22698 | Lair:6   | Killed Urug
 22699 | Lair:6   | Reached XP level 15. HP: 94/115 MP: 9/29
 22891 | Lair:6   | Found a viscous altar of Jiyva.
 22891 | Lair:6   | Found a staircase to the Slime Pits.
 22996 | Lair:6   | Identified the +2 war axe of the Kissing Saviour {freeze,
                  | rF- Will+ Dex+5}
 23036 | Lair:6   | Reached skill level 10 in Poison Magic
 23610 | Lair:6   | Found a runed translucent door.
 23635 | Lair:6   | Reached skill level 10 in Fighting
 23635 | Lair:6   | Reached skill level 10 in Short Blades
 23635 | Lair:6   | Reached skill level 10 in Long Blades
 23635 | Lair:6   | Reached skill level 10 in Axes
 23635 | Lair:6   | Reached skill level 10 in Maces & Flails
 23635 | Lair:6   | Reached skill level 10 in Polearms
 23635 | Lair:6   | Reached skill level 10 in Staves
 23635 | Lair:6   | Reached skill level 10 in Slings
 23635 | Lair:6   | Reached skill level 10 in Bows
 23635 | Lair:6   | Reached skill level 10 in Crossbows
 23635 | Lair:6   | Reached skill level 10 in Throwing
 23635 | Lair:6   | Reached skill level 10 in Armour
 23635 | Lair:6   | Reached skill level 10 in Shields
 23635 | Lair:6   | Reached skill level 10 in Unarmed Combat
 23635 | Lair:6   | Reached skill level 10 in Evocations
 24139 | Lair:6   | Learned a level 4 spell: Summon Lightning Spire
 25096 | D:13     | Noticed Frances
 25109 | D:13     | Killed Frances
 25375 | D:13     | Noticed Azrael
 25420 | D:13     | Killed Azrael
 26416 | D:14     | Noticed Nessos
 26416 | D:14     | Found a gate to the Vaults.
 26795 | D:14     | Received a gift from Sif Muna
 26795 | D:14     | HP: 5/117 [Nessos/arrow (24)]
 26795 | D:14     | HP: 2/117 [Nessos/arrow (3)]
 26796 | D:14     | Shot with an arrow by Nessos

Illustrated notes

Levels and vault maps discovered:
D:1:      dpeg_arrival_stonehenge_8_columns, layout_basic
D:2:      layout_rooms
D:3:      layout_loops_corners, kennysheep_ying_yang,
          ebering_ecumenical_altar_rust, serial_shops, nicolae_lakefront_shop
D:4:      layout_rooms, nicolae_dithmenos_the_darkroom,
          minmay_temple_entry_large_hall, hangedman_feature_mirror,
          minmay_circle_x
D:5:      layout_loops_ring, mainiacjoe_overflow_surrounded_room,
          minmay_small_thing
D:6:      layout_basic
D:7:      layout_cave_pools, grunt_temple_overflow_magic_moments, trog_book,
          makhleb_heckhound_becter, kennysheep_mini
D:8:      minmay_chambers_of_sevens, layout_basic, fedhas_altar_fruit_tree,
          minivault_25, kennysheep_generic_room_3
D:9:      layout_rooms, okawaru_gym_becter
D:10:     layout_basic, lair_entry_dummy, enter_bailey_8, uniq_harold,
          uniq_psyche
D:11:     layout_cave_pools, serial_glass, glass_columns_c, glass_columns_b,
          glass_columns_a, glass_columns_a, kennysheep_generic_room_13,
          uniq_erolcha
D:12:     layout_long_grid, eino_small_chamber_without_monster,
          hangedman_decor_clover_reticule
D:13:     layout_roguey, nicolae_straight_to_the_point, uniq_frances,
          uniq_azrael
D:14:     layout_big_octagon, david_vaults_3, grunt_ministairs_10,
          minmay_unpleasant_kobolds
Temple:   jpeg_temple_alley_garden
Lair:1:   layout_cellular_growth, special_room [special_room_bee]
Lair:2:   layout_small_grid, chequers_serial_rivers_marsh
Lair:3:   layout_layer_cave, hellmonk_ghost_happy_afterlife,
          infiniplex_staircase_pool, lemuel_fruit_tree, uniq_gastronok
Lair:4:   layout_misc_corridors, skrybe_swamp_entry_bodies,
          hellmonk_spider_entry_not_the_bees
Lair:5:   layout_regular_city, lemuel_oklob_altar, uniq_sonja, uniq_snorg
Lair:6:   wormcave, layout_long_grid, hangedman_lair_in_review,
          dpeg_slime_entry_enclosed_altar, uniq_urug
Orc:1:    layout_caves
Orc:2:    st_orc_ogre_mass, layout_caves, basic_altar

Skill      XL: |  1  2  3  4  5  6  7  8  9 10 11 12 13 14 15 |
---------------+----------------------------------------------+-----
Transmutations | 2 3 4 5 6 7 8 9 |  9.1
Spellcasting   | 5 6 7 8 9 10 11 | 11.6
Invocations    | 1 2 3 4 5 6 7 8 9 10 11 | 11.4
Fighting       | 1 2 3 4 5 6 7 8 9 10 | 10.5
Short Blades   | 1 2 3 4 5 6 7 8 9 10 | 10.5
Long Blades    | 1 2 3 4 5 6 7 8 9 10 | 10.5
Axes           | 1 2 3 4 5 6 7 8 9 10 | 10.5
Maces & Flails | 1 2 3 4 5 6 7 8 9 10 | 10.5
Polearms       | 1 2 3 4 5 6 7 8 9 10 | 10.5
Staves         | 1 2 3 4 5 6 7 8 9 10 | 10.5
Slings         | 1 2 3 4 5 6 7 8 9 10 | 10.5
Bows           | 1 2 3 4 5 6 7 8 9 10 | 10.5
Crossbows      | 1 2 3 4 5 6 7 8 9 10 | 10.5
Throwing       | 1 2 3 4 5 6 7 8 9 10 | 10.5
Armour         | 1 2 3 4 5 6 7 8 9 10 | 10.5
Shields        | 1 2 3 4 5 6 7 8 9 10 | 10.5
Unarmed Combat | 1 2 3 4 5 6 7 8 9 10 | 10.5
Evocations     | 1 2 3 4 5 6 7 8 9 10 | 10.5
Conjurations   | 1 2 3 4 5 6 7 8 |  8.8
Hexes          | 1 2 3 4 5 6 7 8 |  8.8
Summonings     | 1 2 3 4 5 6 7 8 |  8.8
Necromancy     | 1 2 3 4 5 6 7 8 |  8.8
Translocations | 1 2 3 4 5 6 7 8 |  8.8
Fire Magic     | 1 2 3 4 5 6 7 8 |  8.8
Ice Magic      | 1 2 3 4 5 6 7 8 |  8.8
Air Magic      | 1 2 3 4 5 6 7 8 |  8.8
Earth Magic    | 1 2 3 4 5 6 7 8 |  8.8
Dodging        | 5 6 7 8 9 10 11 | 11.4
Stealth        | 5 6 7 8 9 10 11 | 11.3
Poison Magic   | 6 7 8 9 10 | 10.4

Action                   |  1- 3 |  4- 6 |  7- 9 | 10-12 | 13-15 || total
-------------------------+-------+-------+-------+-------+-------++-------
Melee: Unarmed           |     6 |       |       |       |       ||     6
       Bite              |     2 |     8 |    16 |    23 |    56 ||   105
       Club              |    18 |       |       |       |       ||    18
       Whip              |     1 |       |       |       |       ||     1
       Spear             |     4 |     2 |       |       |       ||     6
       Staff             |       |    60 |    54 |       |       ||   114
       Short sword       |       |    25 |     9 |       |    33 ||    67
       Headbutt          |       |     5 |    29 |    41 |   101 ||   176
       Dagger            |       |       |    24 |       |       ||    24
       Punch             |       |       |     2 |     5 |       ||     7
       War axe           |       |       |    65 |   141 |   338 ||   544
Throw: Dart              |       |       |       |     1 |       ||     1
 Cast: Sting             |    57 |    21 |    10 |     4 |       ||    92
       Mephitic Cloud    |     1 |       |     2 |    21 |    12 ||    36
       Olgreb's Toxic Ra |       |    12 |    24 |    90 |   121 ||   247
       Flame Wave        |       |       |     2 |    29 |    20 ||    51
       Dispel Undead     |       |       |       |    12 |     7 ||    19
       Sticky Flame      |       |       |       |    10 |    27 ||    37
       Ignite Poison     |       |       |       |       |    58 ||    58
       Monstrous Menager |       |       |       |       |     4 ||     4
       Summon Lightning  |       |       |       |       |     7 ||     7
       Death Channel     |       |       |       |       |     1 ||     1
Invok: Channel Magic     |       |       |       |     1 |       ||     1
       Divine Exegesis   |       |       |       |       |     5 ||     5
Evoke: Wand              |       |     1 |     3 |       |     6 ||    10
  Use: Scroll            |       |     8 |       |    17 |    20 ||    45
       Potion            |       |     4 |     1 |     5 |     3 ||    13
 Stab: Sleeping          |       |     6 |    12 |       |    20 ||    38
       Confused          |       |       |     4 |     8 |     6 ||    18
       Distracted        |       |       |     1 |       |     1 ||     2
       Petrified         |       |       |       |       |     1 ||     1
Armor: Robe              |     7 |    13 |    31 |       |       ||    51
       Steam dragon scal |       |       |    14 |    57 |       ||    71
       Troll leather arm |       |       |       |    26 |   198 ||   224
Dodge: Dodged            |    29 |    63 |   134 |   211 |   344 ||   781
Block: Kite shield       |       |       |       |       |   441 ||   441

Table legend: (Time is in decaauts)
 A = Elapsed time spent in this place.
 B = Non-inter-level travel time spent in this place.
 C = Inter-level travel time spent in this place.
 D = Time resting spent in this place.
 E = Time spent auto-exploring this place.
 F = Levels seen in this place.
 G = Mean time per level.
                   A        B        C        D        E       F      G
               +--------+--------+--------+--------+--------+-----+--------+
         Total |  26941 |  26314 |    627 |   4925 |  12482 |  25 | 1077.6 |
       Dungeon |  15478 |  15203 |    275 |   3206 |   6958 |  14 | 1105.6 |
        Temple |    306 |    306 |      0 |      0 |    184 |   1 |  306.0 |
          Lair |   7707 |   7408 |    299 |    789 |   4669 |   6 | 1284.5 |
  Orcish Mines |   2665 |   2612 |     53 |    660 |    671 |   2 | 1332.5 |
         Abyss |    332 |    332 |      0 |    170 |      0 |   1 |  332.0 |
        Bailey |    451 |    451 |      0 |    100 |      0 |   1 |  451.0 |
               +--------+--------+--------+--------+--------+-----+--------+

Top non-repeatable levels by time:
  Lair:6: 2446 daAuts
   Orc:1: 1814 daAuts
    D:10: 1707 daAuts
     D:3: 1670 daAuts
    D:13: 1620 daAuts
     D:8: 1530 daAuts
  Lair:3: 1485 daAuts
     D:1: 1254 daAuts
     D:6: 1159 daAuts
     D:5: 1116 daAuts
    D:11: 1093 daAuts
  Lair:2: 1005 daAuts
     D:4: 992 daAuts
  Lair:4: 991 daAuts
     D:7: 955 daAuts
